AoeStats
← Gandalf

Black Forest

507372478Analyzed
2v2 RM · 15d ago on Sep 17, 2026· 60m 56s· 4 players
Game mode
Random Map
Map size
Medium (4 player)
Population
200
Speed
Normal
Resources
Standard
Victory
Conquest
Starting age
Dark Age
Ending age
Imperial Age
RankedLock teamsTeams togetherTeam positionsShared explorationLock speedFull tech treeHidden civsTurbo modeCheats
Victory
Defeat
🇧🇷 Teutons · Brazil
707
+10
🇧🇷 Bohemians · Brazil
694
+11
🇺🇸 Khitans · United States
587
-11
🇺🇸 Bohemians · United States
566
-10
Metalhead6474
0:32 Loom
15:01 Feudal Age
15:27 Domestication
15:40 Double-Bit Axe
18:06 Wheelbarrow
22:43 Castle Age
23:26 Pastoralism
23:39 Bow Saw
25:09 Hand Cart
30:05 Imperial Age
31:22 Transhumance
32:10 Two-Man Saw
34:41 Gambesons
38:52 Chemistry
38:16 Ballistics
38:08 Masonry
41:40 Town Watch
42:13 Murder Holes
42:11 Fletching
42:31 Caravan
43:02 Coinage
42:43 Guilds
42:47 Town Patrol
43:00 Lamellar Armor
43:03 Ordo Cavalry
43:10 Husbandry
43:17 Arson
43:33 Squires
45:21 Conscription
44:24 Elite Liao Dao
45:17 Thumb Ring
44:34 Elite Skirmisher
44:55 Heavy Camel Rider
47:44 Bodkin Arrow
48:01 Forging
48:35 Bracer
49:51 Iron Casting
50:51 Scale Barding Armor
50:54 Heavy Rocket Cart
51:51 Siege Engineers
52:21 Chain Barding Armor
52:03 Padded Archer Armor
54:43 Plate Barding Armor
54:25 Leather Archer Armor
55:16 Scale Mail Armor
57:17 Ring Archer Armor
57:53 Chain Mail Armor
58:22 Pikeman
58:49 Elite Fire Lancer
61:27 Plate Mail Armor
LakeGale
0:27 Loom
14:07 Feudal Age
15:26 Wheelbarrow
14:41 Double-Bit Axe
14:41 Horse Collar
23:12 Castle Age
24:12 Hand Cart
25:07 Heavy Plow
25:24 Bow Saw
28:18 Chemistry
31:55 Imperial Age
30:14 Ballistics
30:10 Fortified Wall
31:49 Treadmill Crane
34:10 Padded Archer Armor
34:17 Scale Mail Armor
36:02 Two-Man Saw
34:56 Pikeman
35:55 Masonry
36:36 Conscription
36:43 Squires
39:21 Leather Archer Armor
39:13 Murder Holes
39:33 Arson
40:09 Chain Mail Armor
40:09 Forging
44:39 Houfnice
47:30 Siege Engineers
50:03 Fletching
53:56 Architecture
53:10 Light Cavalry
54:29 Scale Barding Armor
55:00 Iron Casting
54:44 Husbandry
Gandalf
4:37 Loom
12:08 Feudal Age
13:42 Wheelbarrow
12:49 Horse Collar
12:58 Double-Bit Axe
13:28 Town Watch
22:55 Castle Age
24:08 Bow Saw
25:42 Town Patrol
26:43 Caravan
27:14 Coinage
27:50 Heavy Plow
29:26 Hand Cart
36:01 Imperial Age
35:18 Elite Skirmisher
35:21 Pikeman
36:02 Squires
36:16 Forging
36:06 Scale Mail Armor
36:32 Ballistics
36:23 Fortified Wall
37:04 Capped Ram
39:24 Iron Casting
39:04 Chain Mail Armor
38:42 Fletching
38:52 Padded Archer Armor
40:43 Conscription
41:45 Chemistry
40:58 Masonry
40:44 Cavalier
42:13 Elite Hussite Wagon
46:10 Houfnice
47:50 Husbandry
47:10 Light Cavalry
50:24 Halberdier
54:07 Blast Furnace
53:22 Chain Mail Armor
53:12 Scale Barding Armor
marcosjesse
0:29 Loom
14:14 Feudal Age
15:49 Double-Bit Axe
20:29 Castle Age
18:44 Horse Collar
18:58 Gold Mining
20:42 Wheelbarrow
22:54 Bow Saw
28:31 Heavy Plow
32:41 Imperial Age
31:03 Hand Cart
31:34 Forging
34:10 Crop Rotation
34:32 Iron Casting
33:58 Scale Mail Armor
34:03 Scale Barding Armor
35:47 Chemistry
35:00 Scale Barding Armor
34:56 Padded Archer Armor
35:06 Caravan
35:39 Coinage
34:49 Pikeman
35:30 Squires
36:47 Ironclad
36:03 Crossbowman
36:47 Heated Shot
37:13 Stone Mining
37:16 Elite Skirmisher
37:46 Sappers
38:51 Chain Mail Armor
39:37 Blast Furnace
38:53 Leather Archer Armor
38:57 Elite Teutonic Knight
41:01 Banking
40:42 Guilds
40:30 Onager
42:16 Siege Onager
44:15 Bloodlines
44:19 Cavalier
48:01 Ballistics
50:17 Bombard Tower
49:48 Guard Tower
59:34 Hoardings
Connection lost

Rejoining the realm…

Still unreachable

The connection could not be restored.

Session expired

The server has moved on; the page needs a fresh start.